 Dungeon Crawl Stone Soup version 0.18.1-48-g4cf74bf (webtiles) character file.

268 Krapule the Covered (level 6, -8/43 HPs)
             Began as a Halfling Fighter on June 30, 2016.
             Killed by divine providence
             ... invoked by an orc priest
              (13 damage)
             ... on level 6 of the Dungeon.
             The game lasted 00:12:43 (3473 turns).

Krapule the Covered (Halfling Fighter)              Turns: 3473, Time: 00:12:44

Health: -8/43      AC: 11    Str: 16 (17) XL:     6   Next: 46%
Magic:  6/6        EV: 11    Int:  5 (7)  God:
Gold:   172        SH:  9    Dex: 13 (15) Spells: 0 memorised, 5 levels left

rFire  + . .     SeeInvis .     a - +0 long sword
rCold  . . .     Gourm    .     p - +2 ring mail {rF+}
rNeg   . . .     Faith    .     c - +0 shield
rPois  .         Spirit   .     t - +0 helmet
rElec  .         Dismiss  .     o - +0 cloak
rCorr  .         Reflect  .     g - +0 pair of gloves
SustAt .         Harm     .     (no boots)
MR     .....                    (no amulet)
Stlth  +.........               (no ring)
                                (no ring)

@: not resistant to hostile enchantments, very unstealthy
A: mutation resistance 1
a: no special abilities


You were on level 6 of the Dungeon.
You were hungry.

You visited 1 branch of the dungeon, and saw 6 of its levels.

You collected 172 gold pieces.

Inventory:

Hand Weapons
 a - a +0 long sword (weapon)
Armour
 c - a +0 shield (worn)
 g - a +0 pair of gloves (worn)
 o - a +0 cloak (worn)
 p - a +2 ring mail of fire resistance (worn)
 t - a +0 helmet (worn)
Jewellery
 u - an uncursed ring of ice
Wands
 v - a wand of random effects (24/48)
Scrolls
 e - 5 scrolls of teleportation {unknown}
 h - a scroll of immolation {unknown}
 i - a scroll of enchant weapon {unknown}
 m - a scroll of identify {unknown}
 n - 2 scrolls of enchant armour {unknown}
 r - a scroll of amnesia {unknown}
 s - 2 scrolls of remove curse {unknown}
 w - a scroll of random uselessness {unknown}
Potions
 b - 2 potions of degeneration
 d - a potion of agility {unknown}
 j - a potion of might
 k - a potion of brilliance {unknown}
 x - a potion of heal wounds {unknown}
Comestibles
 f - 2 bread rations
 l - a beef jerky
 q - a meat ration


   Skills:
 * Level 3.9 Fighting
 - Level 3.0 Long Blades
 + Level 4.3 Armour
 + Level 2.4 Dodging
 + Level 4.3 Shields


You had 5 spell levels left.
You didn't know any spells.

Dungeon Overview and Level Annotations

Branches:
Dungeon (6/15)
 Temple: D:4-7

Altars:

Annotations:
D:4 Blork the orc; Sigmund; grulito's ghost, amateur DESu
D:5 Thrillho's ghost, novice OpBe


Innate Abilities, Weirdness & Mutations

You are small and have problems with some larger weapons.
You are somewhat resistant to further mutation.


Message History

The orc priest is heavily wounded.
The orc priest completely misses you.
The orc priest invokes the aid of Beogh against you.
Beogh smites you!
* * * LOW HITPOINT WARNING * * *
You are too injured to fight recklessly!
You hit the orc priest.
The orc priest is almost dead.
The orc priest hits you with a whip.
* * * LOW HITPOINT WARNING * * *
The orc priest calls upon Beogh to heal the orc priest.
The orc priest is healed somewhat.
The orc priest hits you but does no damage.
Drink which item? (? for menu, Esc to quit)
It was a potion of degeneration.
There was something very wrong with that liquid.
You feel weakened.
You feel dopey.
You feel clumsy.
The orc priest mumbles some strange prayers to Beogh against you.
Beogh smites you!
You die...

####### #..%...
'...... #...?..
#...... ###+#####
#...... ######
#.......#
#....oo##....#
#.......# #@...#.#
#.......#
#.#..#.###.......#
#.#..#...........#
#.#..###.###'#####
#.#..# #.# #.#
..#..###.# #.#
#########......#
#.#
...............#
#.#
######.####..##
#.#


You could see 2 orc priests.

Vanquished Creatures
  A crimson imp (D:6)
  Ijyb (D:2)
  An orc wizard (D:3)
  Terence (D:2)
  5 adders
  A shadow imp (D:6)
  3 dart slugs
  3 giant geckos
  9 orcs
  3 ball pythons
  3 giant cockroaches
  13 hobgoblins
  4 jackals (D:6)
  A quokka (D:2)
  7 bats
  A giant newt (D:1)
  9 goblins
  10 kobolds
  A quokka skeleton (D:6)
  5 rats
82 creatures vanquished.

Notes
Turn   | Place    | Note
--------------------------------------------------------------
     0 | D:1      | Krapule the Halfling Fighter began the quest for the Orb.
     0 | D:1      | Reached XP level 1. HP: 15/15 MP: 1/1
   304 | D:1      | Reached XP level 2. HP: 20/20 MP: 2/2
   339 | D:1      | You fall through a shaft!
   603 | D:2      | Noticed Ijyb
   614 | D:2      | Killed Ijyb
   614 | D:2      | Reached skill level 1 in Dodging
   614 | D:2      | Reached XP level 3. HP: 26/26 MP: 3/3
   686 | D:1      | Reached XP level 4. HP: 31/31 MP: 4/4
  1469 | D:2      | Noticed Terence
  1498 | D:2      | Killed Terence
  1498 | D:2      | Reached XP level 5. HP: 34/36 MP: 5/5
  2621 | D:3      | Reached XP level 6. HP: 40/42 MP: 6/6
  2873 | D:4      | Noticed Blork the orc
  2895 | D:4      | Noticed grulito's ghost (amateur DESu)
  3073 | D:4      | Noticed Sigmund
  3088 | D:5      | Entered Level 5 of the Dungeon
  3131 | D:5      | Noticed Thrillho's ghost (novice OpBe)
  3473 | D:6      | Killed from afar by an orc priest

Skill      XL: |  1  2  3  4  5 |
---------------+----------------+-----
Fighting       | 3 |  3.9
Dodging        | 1 2 |  2.4
Shields        | 4 |  4.3
Armour         | 4 |  4.3
Long Blades    | 3 |  3.0

Action                   |  1- 3 |  4- 6 || total
-------------------------+-------+-------++-------
Melee: Long sword        |    46 |   286 ||   332
Evoke: Wand              |       |     2 ||     2
  Use: Potion            |     1 |     1 ||     2
  Eat: Chunk             |       |     8 ||     8
Armor: Scale mail        |    24 |    30 ||    54
       Ring mail         |       |    69 ||    69
Dodge: Dodged            |    14 |   133 ||   147
Block: Shield            |    33 |   160 ||   193
